 Dungeon Crawl Stone Soup version 0.26-a0-599-gc8f6553d2c (webtiles) character file.

Game seed: 9375807382974967465

6294 Gargoyl the Fighter (level 10, -4/82 HPs)
             Began as a Gnoll Abyssal Knight on Aug 29, 2020.
             Was an Elder of Lugonu.
             Slain by a two-headed ogre
             ... wielding a +0 giant club
              (18 damage)
             ... on level 9 of the Dungeon.
             The game lasted 00:16:26 (11738 turns).

Gargoyl the Fighter (Gnoll Abyssal Knight)         Turns: 11738, Time: 00:16:27

Health: -4/82      AC: 15    Str: 17    XL:     10   Next: 94%
Magic:  18/18      EV: 10    Int: 18    God:    Lugonu [****..]
Gold:   738        SH:  0    Dex: 16    Spells: 20/20 levels left

rFire    + . .     SeeInvis .   x - +12 spear of the Twelve Places {pain, Int+4 Stlth+}
rCold    + + .     Faith    .   (no shield)
rNeg     . . .     Spirit   .   o - +2 chain mail {rPois}
rPois    +         Reflect  .   y - +1 helmet
rElec    .         Harm     .   D - scarf {rC+ rF+}
rCorr    .                      (no gloves)
MR       .....                  (no boots)
Stlth    ++........             (no amulet)
HPRegen  0.23/turn              p - ring of stealth
MPRegen  0.16/turn              (no ring)

@: no status effects
A: distributed training, fangs 1, blink, cold resistance 1, strong nose
a: Blink, Depart the Abyss, Bend Space, Banish, Corrupt, Renounce Religion


You were on level 9 of the Dungeon.
You worshipped Lugonu.
Lugonu was greatly pleased with you.
You visited 1 branch of the dungeon, and saw 10 of its levels.
You visited the Abyss 1 time.
You also visited: Ossuary and Bailey.

You collected 925 gold pieces.
You spent 187 gold pieces at shops.

Inventory:

Hand Weapons
 a - a +2 vampiric hand axe
 m - a +0 flail of holy wrath
 x - the +12 spear of the Twelve Places (weapon) {pain, Int+4 Stlth+}
   (You found it on level 6 of the Dungeon)

   In the hands of one skilled in necromantic magic, it inflicts extra damage on
   living creatures.
   It affects your intelligence (+4).
   It makes you more stealthy.
Missiles
 c - 8 javelins (quivered)
Armour
 g - a +2 chain mail of cold resistance
 o - a +2 chain mail of poison resistance (worn)
 t - +1 pearl dragon scales
 y - a +1 helmet (worn)
 D - a scarf of resistance (worn)
Jewellery
 p - a ring of stealth (left hand)
 v - the amulet "Woneanic" {Regen+ Dex+8 Slay+2, unknown}
   (You found it on level 9 of the Dungeon)

   [amulet of regeneration]

   It affects your dexterity (+8).
   It affects your accuracy and damage with ranged weapons and melee attacks
   (+2).
   It increases your rate of regeneration.
Wands
 r - a wand of iceblast (19)
 s - a wand of paralysis (7)
 w - a wand of digging (3)
 z - a wand of disintegration (13)
Scrolls
 b - 2 scrolls of teleportation
 e - 14 scrolls of identify
 i - 2 scrolls of blinking
 j - 5 scrolls of remove curse
 k - 4 scrolls of fog
Potions
 f - 11 potions of curing
 h - 2 potions of haste
 l - 3 potions of lignification
 n - a potion of might
 q - 3 potions of brilliance
 u - a potion of berserk rage
 A - 2 potions of invisibility {unknown}
 B - a potion of cancellation {unknown}
 C - 2 potions of flight {unknown}


   Skills:
 + Level 8.8 Fighting
 + Level 5.7 Short Blades
 + Level 5.7 Long Blades
 + Level 7.4 Axes
 + Level 5.7 Maces & Flails
 + Level 5.7 Polearms
 + Level 5.7 Staves
 + Level 5.7 Slings
 + Level 5.7 Bows
 + Level 5.7 Crossbows
 + Level 5.7 Throwing
 + Level 7.4 Armour
 + Level 6.3 Dodging
 + Level 5.7 Stealth
 + Level 5.7 Shields
 + Level 5.7 Unarmed Combat
 + Level 5.7 Spellcasting
 + Level 4.7 Conjurations
 + Level 4.7 Hexes
 + Level 4.7 Summonings
 + Level 4.7 Necromancy
 + Level 4.7 Translocations
 + Level 4.7 Transmutations
 + Level 4.7 Fire Magic
 + Level 4.7 Ice Magic
 + Level 4.7 Air Magic
 + Level 4.7 Earth Magic
 + Level 4.7 Poison Magic
 + Level 7.9 Invocations
 + Level 5.7 Evocations


You had 20 spell levels left.
You didn't know any spells.
Your spell library was empty.

Dungeon Overview and Level Annotations

Branches:
Dungeon (10/15)            Temple (0/1) D:6         Ossuary (visited)
 Bailey (visited)
   Lair: D:8-11         Orc: D:9-12

Altars:
Ashenzari
Cheibriados
Makhleb
Nemelex Xobeh
Okawaru
Qazlal
Ru
Sif Muna
Uskayaw
Vehumet
Xom
Yredelemnul
The Shining One

Shops:
D:4 (*==*   D:5 }   D:7 !

Annotations:
D:6 2 transporters, voshxx's ghost, novice OpIE


Innate Abilities, Weirdness & Mutations

Your experience applies equally to all skills.
You have very sharp teeth.
Your uncanny sense of smell can sniff out nearby items.
You can translocate small distances at will.
Your flesh is cold resistant. (rC+)


Message History

The two-headed ogre is heavily wounded.
You puncture the two-headed ogre!
The two-headed ogre writhes in agony.
The two-headed ogre is severely wounded.
The two-headed ogre hits you with a +0 giant club!
* * * LOW HITPOINT WARNING * * *
The two-headed ogre barely misses you.
Attack whom?
Press: ? - help, Dir - move target cursor, f/p - two-headed ogre
Aim: a two-headed ogre, wielding a +0 giant club and a +0 giant spiked club (severely wounded)
You reach to attack!
You hit the two-headed ogre.
The two-headed ogre writhes in agony.
The two-headed ogre is severely wounded.
Unknown command.
You puncture the two-headed ogre!
You bite the two-headed ogre, but do no damage.
The two-headed ogre is almost dead.
The two-headed ogre hits you with a +0 giant club.
* * * LOW HITPOINT WARNING * * *
The two-headed ogre hits you with a +0 giant spiked club!!
You die...

.# #.....#
#.##....o).# #...
.# #..#..#
#.##....>..# #...
.# #..#..#
#.##...†...# #...
.# #..#..#
#.##..###..# #...
.# #..#..# #.##..#
#..# #...
.#####..#..#
#o##..# #..# #...
........#..#
#o##..# #..# #...
.####...#..#
#O##..# #..# #...
.#
#...#..#####@##..#
#..# #... .#
#...#........##..#
#..# #... .#
#...#........##..#
#..# #... .#
#...#........##..#
#..# #.[. .#
#...#...####.##..#
#..# #... .#
#...#...# #.##..#
#..####... .#
#.......# #.....#
#....[†...
.####.......#
#.##..# #.#####...
.......##...#
#.##..# #.# #...


You could see a two-headed ogre and 2 orcs.

Vanquished Creatures
  A two-headed ogre (D:9)
  Pikel (D:8)
  A manticore (D:9)
  A hippogriff (D:8)
  A spriggan (D:7)
  Sigmund (D:2)
  6 yaks
  4 sky beasts
  2 orc warriors
  A black bear (D:9)
  2 phantoms (D:6)
  2 ice beasts
  5 ogres
  A lemure (D:8)
  5 centaurs
  2 bullfrogs
  2 wyvern skeletons
  4 wights (D:9)
  An electric eel (D:6)
  A howler monkey (D:6)
  A centaur skeleton (D:6)
  Crazy Yiuf (D:4)
  6 orc priests
  4 hounds
  6 orc wizards
  A bullfrog skeleton (D:9)
  3 iguanas
  8 worker ants
  A hound skeleton (D:5)
  8 mummies (Ossuary)
  A howler monkey zombie (D:5)
  A worker ant zombie (D:7)
  5 adders
  3 gnolls (D:4)
  2 shadow imps
  2 white imps
  An ufetubus (D:6)
  An ooze (D:5)
  An adder zombie (D:5)
  An adder skeleton (D:4)
  4 worms
  A dart slug (D:2)
  6 leopard geckos
  34 orcs
  3 giant cockroaches
  14 goblins
  11 hobgoblins
  5 jackals
  3 quokkas
  4 bats
  2 frilled lizards
  4 hobgoblin zombies (Ossuary)
  2 jackal skeletons
  2 kobolds
  2 kobold zombies (Ossuary)
  2 orc zombies (Ossuary)
  A quokka skeleton (D:3)
  11 rats
212 creatures vanquished.

Vanquished Creatures (collateral kills)
  A bullfrog skeleton (D:6)
1 creature vanquished.

Vanquished Creatures (others)
  An ufetubus (D:7)
  7 plants
  2 starspawn tentacles (Abyss:1)
10 creatures vanquished.

Grand Total: 223 creatures vanquished

Notes
Turn   | Place    | Note
-------+----------+-------------------------------------------
     0 | Abyss:1  | Gargoyl the Gnoll Abyssal Knight began the quest for the
                  | Orb.
     0 | Abyss:1  | Reached XP level 1. HP: 23/23 MP: 3/3
    48 | Abyss:1  | Noticed a large abomination
    59 | Abyss:1  | Noticed a small abomination
    67 | Abyss:1  | Noticed a tentacled starspawn
    71 | Abyss:1  | Noticed a raiju
    75 | Abyss:1  | Noticed a ynoxinul
    77 | D:1      | Escaped the Abyss
   199 | D:1      | Reached XP level 2. HP: 29/29 MP: 5/5
   307 | D:1      | Reached * piety under Lugonu
   851 | D:2      | Reached XP level 3. HP: 35/35 MP: 6/6
   973 | D:2      | Noticed Sigmund
  1014 | D:2      | Killed Sigmund
  1014 | D:2      | Reached skill level 1 in Short Blades
  1014 | D:2      | Reached skill level 1 in Long Blades
  1014 | D:2      | Reached skill level 1 in Maces & Flails
  1014 | D:2      | Reached skill level 1 in Polearms
  1014 | D:2      | Reached skill level 1 in Staves
  1014 | D:2      | Reached skill level 1 in Slings
  1014 | D:2      | Reached skill level 1 in Bows
  1014 | D:2      | Reached skill level 1 in Crossbows
  1014 | D:2      | Reached skill level 1 in Throwing
  1014 | D:2      | Reached skill level 1 in Stealth
  1014 | D:2      | Reached skill level 1 in Shields
  1014 | D:2      | Reached skill level 1 in Unarmed Combat
  1014 | D:2      | Reached skill level 1 in Spellcasting
  1014 | D:2      | Reached skill level 1 in Conjurations
  1014 | D:2      | Reached skill level 1 in Hexes
  1014 | D:2      | Reached skill level 1 in Summonings
  1014 | D:2      | Reached skill level 1 in Necromancy
  1014 | D:2      | Reached skill level 1 in Translocations
  1014 | D:2      | Reached skill level 1 in Transmutations
  1014 | D:2      | Reached skill level 1 in Fire Magic
  1014 | D:2      | Reached skill level 1 in Ice Magic
  1014 | D:2      | Reached skill level 1 in Air Magic
  1014 | D:2      | Reached skill level 1 in Earth Magic
  1014 | D:2      | Reached skill level 1 in Poison Magic
  1014 | D:2      | Reached skill level 1 in Evocations
  1014 | D:2      | Reached XP level 4. HP: 17/41 MP: 7/7
  1014 | D:2      | Reached XP level 5. HP: 20/47 MP: 8/8
  1320 | D:2      | Found a shimmering blue altar of Sif Muna.
  1956 | D:3      | Reached skill level 5 in Invocations
  1964 | D:3      | Reached XP level 6. HP: 46/53 MP: 9/9
  1969 | D:3      | Reached ** piety under Lugonu
  2226 | D:3      | Reached skill level 5 in Axes
  2226 | D:3      | Reached skill level 5 in Armour
  2702 | D:4      | Found Risad's Assorted Antiques.
  2747 | D:4      | Reached XP level 7. HP: 39/59 MP: 10/10
  2872 | D:4      | Bought a shiny chain mail for 127 gold pieces
  2908 | D:4      | Found Ecko's Jewellery Boutique.
  2982 | D:4      | Reached skill level 7 in Fighting
  2984 | D:4      | Found Soirgheo's General Store.
  3022 | D:4      | Found a shattered altar of Ashenzari.
  3204 | D:4      | Found Esyecza's Weapon Emporium.
  3233 | D:4      | Found a runed translucent door.
  3234 | D:4      | Noticed Crazy Yiuf
  3282 | D:4      | Found a sacrificial altar of Ru.
  3285 | D:4      | Found a basalt altar of Yredelemnul.
  3288 | D:4      | Found a shimmering altar of Xom.
  3477 | D:4      | Found Feraxtil's Jewellery Shoppe.
  3688 | D:4      | Killed Crazy Yiuf
  3835 | D:5      | Entered Level 5 of the Dungeon
  3869 | D:5      | Found a sand-covered staircase.
  3874 | Ossuary  | Entered an ossuary
  4467 | D:5      | Identified the cursed +1 ring mail of Skepticism {*Contam
                  | rPois Int+4 Slay+4}
  4555 | D:5      | Found Jasovyuc's Gadget Emporium.
  4612 | D:5      | Reached *** piety under Lugonu
  4612 | D:5      | Reached XP level 8. HP: 67/67 MP: 12/12
  4623 | D:5      | Found a burning altar of Makhleb.
  4892 | D:5      | Found a glowing golden altar of the Shining One.
  5641 | D:5      | Found a radiant altar of Vehumet.
  5786 | D:5      | Found a sparkling altar of Nemelex Xobeh.
  6324 | D:6      | Found a staircase to the Ecumenical Temple.
  6520 | D:6      | Reached XP level 9. HP: 71/73 MP: 14/14
  6707 | D:6      | Found an iron altar of Okawaru.
  6746 | D:6      | Got an ancient spear
  6747 | D:6      | Identified the +12 spear of the Twelve Places {pain, Int+4
                  | Stlth+} (You found it on level 6 of the Dungeon)
  6765 | D:6      | Found a transporter.
  6766 | D:6      | Noticed voshxx's ghost (novice OpIE)
  6782 | D:6      | Found a transporter.
  7288 | D:6      | Gained mutation: Your flesh is cold resistant. (rC+)
                  | [potion of mutation]
  7288 | D:6      | Gained mutation: You can translocate small distances at
                  | will. [potion of mutation]
  7463 | D:7      | Found a hide-covered altar of Uskayaw.
  7463 | D:7      | Noticed a +0 dagger
  7463 | D:7      | Noticed a +0 dagger
  7468 | D:7      | Found Ufruasiz's Distillery.
  7485 | D:7      | Reached skill level 5 in Dodging
  7519 | D:7      | Found a flagged portal.
  7527 | D:7      | Reached **** piety under Lugonu
  7642 | Bailey   | Entered a bailey
  7803 | D:7      | Bought a potion of berserk rage for 60 gold pieces
  8091 | D:7      | Reached skill level 8 in Fighting
  9095 | D:8      | Found a stormy altar of Qazlal.
  9398 | D:8      | Noticed Pikel
  9414 | D:8      | Killed Pikel
  9414 | D:8      | Reached skill level 5 in Short Blades
  9414 | D:8      | Reached skill level 5 in Long Blades
  9414 | D:8      | Reached skill level 5 in Maces & Flails
  9414 | D:8      | Reached skill level 5 in Polearms
  9414 | D:8      | Reached skill level 5 in Staves
  9414 | D:8      | Reached skill level 5 in Slings
  9414 | D:8      | Reached skill level 5 in Bows
  9414 | D:8      | Reached skill level 5 in Crossbows
  9414 | D:8      | Reached skill level 5 in Throwing
  9414 | D:8      | Reached skill level 5 in Stealth
  9414 | D:8      | Reached skill level 5 in Shields
  9414 | D:8      | Reached skill level 5 in Unarmed Combat
  9414 | D:8      | Reached skill level 5 in Spellcasting
  9414 | D:8      | Reached skill level 5 in Evocations
  9414 | D:8      | Reached XP level 10. HP: 59/81 MP: 17/17
 10266 | D:9      | Noticed a two-headed ogre
 10277 | D:9      | Killed a two-headed ogre
 10464 | D:9      | Got a smoking bone amulet
 10881 | D:9      | Noticed a manticore
 10892 | D:9      | Killed a manticore
 11088 | D:9      | Found a snail-covered altar of Cheibriados.
 11519 | D:10     | Entered Level 10 of the Dungeon
 11694 | D:10     | Noticed a two-headed ogre
 11738 | D:9      | Slain by a two-headed ogre

Illustrated notes

Levels and vault maps discovered:
D:1:      matt_arrival_grand_opening, layout_basic
D:2:      layout_basic, lemuel_crystal_altar, uniq_sigmund
D:3:      layout_loops_ring
D:4:      layout_basic, grunt_temple_overflow_diamond,
          cheibrodos_ashenzari_chains, serial_shops, nicolae_shop_behind_doors,
          shop, kennysheep_little_box, shop_fountains,
          nicolae_shop_overgrown_old_shop, uniq_crazy_yiuf_cottage
D:5:      layout_loops_ring, nicolae_overflow_crystal_walls, tso_metal_star,
          lemuel_doored_altar, enter_ossuary_2, serial_shops,
          nicolae_shop_window_shopping, nemelex_dance_club_becter
D:6:      layout_rooms, kennysheep_okawaru_gauntlet, minmay_temple_entry_arrows,
          gammafunk_ghost_gnarly_gnolls, water_maze_lemuel
D:7:      layout_layer_cave, dancing_weapons_uskayaw, enter_bailey_3,
          serial_shops, nicolae_shop_statue_plus, the_bakery
D:8:      layout_cave_pods, kennysheep_mini, uniq_pikel
D:9:      layout_long_grid, slow_altar_2, lemuel_flame_loot_1
D:10:     layout_rooms, dpeg_lair_monsters, serial_shops, shop, uniq_snorg

Skill      XL: |  1  2  3  4  5  6  7  8  9 10 |
---------------+-------------------------------+-----
Short Blades   | 1 2 3 5 |  5.7
Long Blades    | 1 2 3 5 |  5.7
Maces & Flails | 1 2 3 5 |  5.7
Polearms       | 1 2 3 5 |  5.7
Staves         | 1 2 3 5 |  5.7
Slings         | 1 2 3 5 |  5.7
Bows           | 1 2 3 5 |  5.7
Crossbows      | 1 2 3 5 |  5.7
Throwing       | 1 2 3 5 |  5.7
Dodging        | 3 4 5 6 |  6.3
Stealth        | 1 2 3 5 |  5.7
Shields        | 1 2 3 5 |  5.7
Unarmed Combat | 1 2 3 5 |  5.7
Spellcasting   | 1 2 3 5 |  5.7
Conjurations   | 1 2 3 4 |  4.7
Hexes          | 1 2 3 4 |  4.7
Summonings     | 1 2 3 4 |  4.7
Necromancy     | 1 2 3 4 |  4.7
Translocations | 1 2 3 4 |  4.7
Transmutations | 1 2 3 4 |  4.7
Fire Magic     | 1 2 3 4 |  4.7
Ice Magic      | 1 2 3 4 |  4.7
Air Magic      | 1 2 3 4 |  4.7
Earth Magic    | 1 2 3 4 |  4.7
Poison Magic   | 1 2 3 4 |  4.7
Evocations     | 1 2 3 5 |  5.7
Invocations    | 5 6 7 |  7.9
Axes           | 5 6 7 |  7.4
Armour         | 5 6 7 |  7.4
Fighting       | 7 8 |  8.8

Action                   |  1- 3 |  4- 6 |  7- 9 | 10-12 || total
-------------------------+-------+-------+-------+-------++-------
Melee: Hand axe          |    68 |   133 |   266 |       ||   467
       Bite              |     7 |    12 |    56 |    21 ||    96
       Flail             |       |       |    46 |       ||    46
       Punch             |       |       |     8 |     1 ||     9
       Spear             |       |       |   114 |   131 ||   245
Invok: Depart the Abyss  |     1 |       |       |       ||     1
       Bend Space        |       |       |     3 |       ||     3
Evoke: Wand              |       |       |     1 |     2 ||     3
  Use: Scroll            |     7 |       |     9 |       ||    16
       Potion            |     2 |       |     7 |       ||     9
 Stab: Paralysed         |       |       |     1 |       ||     1
       Sleeping          |       |       |     4 |     2 ||     6
       Distracted        |       |       |       |     1 ||     1
Armor: Plate armour      |    61 |    89 |       |       ||   150
       Leather armour    |     1 |       |       |       ||     1
       Chain mail        |       |       |   297 |   105 ||   402
       Pearl dragon scal |       |       |     5 |       ||     5
Dodge: Dodged            |    17 |    51 |   226 |    84 ||   378

Table legend: (Time is in decaauts)
 A = Elapsed time spent in this place.
 B = Non-inter-level travel time spent in this place.
 C = Inter-level travel time spent in this place.
 D = Time resting spent in this place.
 E = Time spent auto-exploring this place.
 F = Levels seen in this place.
 G = Mean time per level.
                   A        B        C        D        E       F      G
               +--------+--------+--------+--------+--------+-----+--------+
         Total |  11732 |  11477 |    255 |   3430 |   5862 |  13 |  902.5 |
       Dungeon |  11006 |  10751 |    255 |   3038 |   5700 |  10 | 1100.6 |
         Abyss |     77 |     77 |      0 |      0 |     34 |   1 |   77.0 |
       Ossuary |    582 |    582 |      0 |    338 |    128 |   1 |  582.0 |
        Bailey |     66 |     66 |      0 |     54 |      0 |   1 |   66.0 |
               +--------+--------+--------+--------+--------+-----+--------+

Top non-repeatable levels by time:
     D:5: 1730 daAuts
     D:9: 1603 daAuts
     D:7: 1553 daAuts
     D:4: 1344 daAuts
     D:2: 1259 daAuts
     D:8: 1127 daAuts
     D:6: 1116 daAuts
     D:3: 626 daAuts
     D:1: 620 daAuts
 Ossuary: 582 daAuts
 Abyss:1: 77 daAuts
  Bailey: 66 daAuts
    D:10: 23 daAuts
